 Dungeon Crawl Stone Soup version 0.30.1-9-gdf580d7c3d (webtiles) character file.

Game seed: 15664616645588181770

10249 Amplified the Fighter (level 11, -10/92 HPs)
             Began as a Mummy Gladiator on Oct 7, 2023.
             Was an Initiate of Gozag.
             Mangled by a red ugly thing (22 damage)
             ... on level 11 of the Dungeon.
             The game lasted 00:19:39 (11052 turns).

Amplified the Fighter (Mummy Gladiator)            Turns: 11052, Time: 00:19:39

Health: -10/92     AC: 21    Str: 22    XL:     11   Next: 33%
Magic:  11/11      EV:  9    Int: 15    God:    Gozag
Gold:   145        SH:  0    Dex: 14    Spells: 10/10 levels left

rFire   x . .        a - +2 whip (elec)
rCold   + + .        (no shield)
rNeg    + + +        q - +1 chain mail "Sikuhas" {rC+ Int+2}
rPois   ∞            c - +2 helmet
rElec   .            s - scarf {shadows}
rCorr   .            j - +2 pair of gloves
SInv    .            o - +1 pair of boots
Will    +....        p - amulet of regeneration Stlth
                     g - +6 ring of intelligence
HPRegen 1.15/turn    b - ring of wizardry
MPRegen 0.12/turn

%: faith, wizardry (x1)
@: about to teleport
A: cold resistance 1, negative energy resistance 3, torment resistance 2, heat
vulnerability 1, in touch with death 1, no potions, faith
a: Renounce Religion, Potion Petition, Call Merchant, Bribe Branch


You were on level 11 of the Dungeon.
You worshipped Gozag.
Gozag was aware of your devotion.
You visited 2 branches of the dungeon, and saw 12 of its levels.
You also visited: Bailey.

You collected 2414 gold pieces.
You spent 907 gold pieces at shops.
You paid 1362 gold pieces to Gozag.

Inventory:

Hand Weapons
 a - a +2 whip of electrocution (weapon)
 f - a +0 broad axe
 m - a -3 demon whip
 n - a +1 flail of draining
Missiles
 e - a javelin (quivered)
 i - 17 poisoned darts
Armour
 c - a +2 helmet (worn)
 j - a +2 pair of gloves (worn)
 o - a +1 pair of boots (worn)
 q - the +1 chain mail "Sikuhas" (worn) {rC+ Int+2}
   (You bought it in a shop on level 8 of the Dungeon)

   Int:       It affects your intelligence (+2).
   rC:        It protects you from cold.
 s - a scarf of shadows (worn)
Jewellery
 b - a ring of wizardry (right hand)
 g - a +6 ring of intelligence (left hand)
 p - an amulet of regeneration (around neck)
 u - a ring of magical power
Wands
 w - a wand of flame (6)
Scrolls
 d - a scroll of fog
 h - 2 scrolls of magic mapping
 k - 4 scrolls of identify
 l - 3 scrolls of teleportation
 r - 2 scrolls of immolation


   Skills:
 * Level 10.6 Fighting
 * Level 9.1 Maces & Flails
 - Level 1.5 Throwing
 * Level 8.7 Armour
 - Level 2.4 Dodging


You had 10 spell levels left.
You didn't know any spells.
Your spell library contained the following spells:

 Spells                   Type           Power      Damage    Failure   Level
 Magic Dart               Conj           0%         1d3       45%         1
 Call Imp                 Summ           0%         N/A       58%         2
 Mephitic Cloud           Conj/Pois/Air  0%         N/A       82%         3
 Cause Fear               Hex            0%         N/A       99%         4
 Conjure Ball Lightning   Conj/Air       0%         3x3d6     100%        6
 Discord                  Hex            0%         N/A       100%        8
 Disjunction              Tloc           0%         N/A       100%        8
 Dragon's Call            Summ           0%         N/A       100%        9
 Dragon Form              Tmut           Unusable   N/A       N/A         7

Dungeon Overview and Level Annotations

Branches:
Dungeon (11/15)            Temple (1/1) D:4             Orc (0/2) D:9
 Bailey (visited)
   Lair: D:8-11

Altars:
Ashenzari
Cheibriados
Dithmenos
Fedhas
Gozag
Hepliaklqana
Kikubaaqudgha
Makhleb
Nemelex Xobeh
Okawaru
Qazlal
Ru
Sif Muna
Trog
Uskayaw
Vehumet
Wu Jian
Xom
Yredelemnul

Shops:
D:2 (   D:5 *   D:6 *   D:8 [   D:9 (

Annotations:
D:3 1 runed translucent door, Crazy Yiuf
D:7 3 runed translucent doors, ruby's ghost, novice DENe


Innate Abilities, Weirdness & Mutations

You are immune to poison.
Your flesh is cold resistant. (rC+)
You are immune to negative energy. (rN+++)
You are immune to unholy pain and torment.
You are vulnerable to heat. (rF-)
You are in touch with the powers of death.
You do not drink.
You have a special connection with the divine. (Faith)


Message History

The howler monkey hoots and howls with incredible vigour! x2
You hear a shout! x3; You hear a howl! x3; You hear a shout!
There is an open door here.
There are monsters nearby!
There are monsters nearby!
You whack the red ugly thing!
The red ugly thing is lightly wounded.
The red ugly thing tail-slaps you but does no damage.
You whack the red ugly thing!
Lightning courses through the red ugly thing!
The red ugly thing is heavily wounded.
The howler monkey hoots and howls with incredible vigour!
The red ugly thing tail-slaps you but does no damage.
You hear a howl! x2
There are monsters nearby!
You hit the red ugly thing.
The red ugly thing is heavily wounded.
The howler monkey hits you but does no damage. x2
Unknown command.
The red ugly thing attacks as you move away!
The red ugly thing tail-slaps you!
You are engulfed in flames!!
The fire burns you terribly!
Okay, then.
As you read the scroll of teleportation, it crumbles to dust.
You feel strangely unstable. The red ugly thing closely misses you.
Unknown command.
Unknown command.
Unknown command.
The howler monkey hoots and howls with incredible vigour!
You hear a shout!
You hear a howl! x2
The red ugly thing attacks as you move away!
The red ugly thing tail-slaps you.
You are engulfed in flames!!
The fire burns you terribly!
* * * LOW HITPOINT WARNING * * *
The howler monkey hoots and howls with incredible vigour!
The red ugly thing tail-slaps you!
* * * LOW HITPOINT WARNING * * *
You are engulfed in flames!!
The fire burns you terribly!
You die...
Your body crumbles into a pile of gold.

.. ###+## ###.####
...... #......#
...... #......# $
......####......#
.....hh..#......+
......##u@......#
...... ###......#
...... #......#
...... #......#
...... #......#
#.#### ###'####
#...## ###..#
..##########.######


You could see a red ugly thing and 2 howler monkeys.

Vanquished Creatures
  2 vault guards (Bailey)
  A two-headed ogre (D:10)
  Pikel (D:4)
  5 trolls
  Prince Ribbit (Bailey)
  3 yaks (D:10)
  A wraith (D:9)
  6 humans (Bailey)
  A steam dragon (D:8)
  A wyvern (D:9)
  2 acid dragons (D:10)
  2 water moccasins
  2 black bears
  4 orc warriors
  3 ice beasts
  A sky beast (D:7)
  2 centaurs
  2 ogres
  2 kobold brigands
  2 phantoms
  2 lemures
  13 bullfrogs
  A gnoll sergeant (D:8)
  4 scorpions
  5 wights (D:8)
  5 killer bees (D:8)
  4 howler monkeys
  3 jellies
  3 gnoll boudas
  5 orc priests
  2 hounds
  A sleepcap (D:4)
  Terence (D:3)
  6 iguanas
  11 orc wizards
  19 gnolls
  6 adders
  2 white imps
  2 worms
  3 dart slugs
  34 orcs
  3 ball pythons
  6 endoplasms
  3 giant cockroaches
  10 goblins
  15 hobgoblins
  8 jackals
  3 quokkas
  3 bats (D:1)
  5 frilled lizards
  15 kobolds
  6 rats
253 creatures vanquished.

Vanquished Creatures (others)
  A quokka (D:8)
1 creature vanquished.

Grand Total: 254 creatures vanquished

Notes
Turn   | Place    | Note
-------+----------+-------------------------------------------
     0 | D:1      | Amplified the Mummy Gladiator began the quest for the Orb.
     0 | D:1      | Reached XP level 1. HP: 16/16 MP: 1/1
    33 | D:1      | Found a faded altar of an unknown god.
    77 | D:1      | Reached XP level 2. HP: 22/22 MP: 2/2
   165 | D:1      | Reached skill level 1 in Armour
   490 | D:1      | Gained mutation: You are in touch with the powers of death.
                  | [Mummy growth]
   490 | D:1      | Reached XP level 3. HP: 28/28 MP: 3/3
   939 | D:2      | Found Luipnit's Antique Weapon Shoppe.
  1329 | D:3      | Noticed Terence
  1344 | D:3      | Killed Terence
  1345 | D:3      | Reached skill level 3 in Fighting
  1345 | D:3      | Reached XP level 4. HP: 15/35 MP: 4/4
  1725 | D:4      | Found an ancient bone altar of Kikubaaqudgha.
  1728 | D:4      | Noticed a lemure
  1728 | D:4      | Noticed a lemure
  1757 | D:3      | Killed a lemure
  1873 | D:4      | Found a staircase to the Ecumenical Temple.
  1888 | Temple   | Entered the Ecumenical Temple
  2214 | D:4      | Reached XP level 5. HP: 31/41 MP: 5/5
  2471 | D:4      | Killed a lemure
  2528 | D:4      | Noticed an ogre
  2538 | D:4      | Killed an ogre
  2539 | D:4      | Reached skill level 4 in Fighting
  2539 | D:4      | Reached XP level 6. HP: 20/48 MP: 6/6
  2721 | D:4      | Noticed Pikel
  2763 | D:4      | Killed Pikel
  2764 | D:4      | Reached skill level 5 in Fighting
  2764 | D:4      | Reached XP level 7. HP: 44/56 MP: 7/7
  2825 | D:4      | Found a sacrificial altar of Ru.
  3367 | D:5      | Entered Level 5 of the Dungeon
  3622 | D:5      | Found Leiqape's Assorted Antiques.
  3685 | D:5      | Reached skill level 5 in Maces & Flails
  3685 | D:5      | Reached XP level 8. HP: 47/64 MP: 8/8
  3845 | D:5      | Reached skill level 6 in Fighting
  3894 | D:5      | Found an opulent altar of Gozag.
  3914 | D:5      | Became a worshipper of Gozag Ym Sagoz the Greedy
  4401 | D:5      | Found a hazy altar of Hepliaklqana.
  4404 | D:5      | Found a broken altar of Ashenzari.
  4418 | D:5      | Found a snail-covered altar of Cheibriados.
  4421 | D:5      | Found an ornate altar of the Wu Jian Council.
  4665 | D:6      | Reached skill level 5 in Armour
  4943 | D:6      | Found Pauratarch's Lightly-Used Armoury.
  4952 | D:6      | Bought a -3 demon whip for 1 gold piece
  5551 | D:7      | Reached skill level 7 in Fighting
  5575 | D:7      | Reached XP level 9. HP: 32/72 MP: 9/9
  5709 | D:7      | Identified a scroll of acquirement
  5710 | D:7      | Acquired 525 gold pieces
  5943 | D:7      | Found a runed translucent gate.
  5943 | D:7      | Found a runed translucent gate.
  5943 | D:7      | Found a runed translucent gate.
  5943 | D:7      | Noticed ruby's ghost (novice DENe)
  5995 | D:7      | Identified the +1 chain mail "Inyagyupi" {MP+9}
  6208 | D:3      | Found a runed translucent door.
  6209 | D:3      | Noticed Crazy Yiuf
  6597 | D:2      | Bought an iridescent arbalest for 294 gold pieces
  6597 | D:2      | Identified the +1 arbalest "Zezaweto" {elec, rPois rF+ rN+
                  | Int-4} (You bought it in a shop on level 2 of the Dungeon)
  6737 | D:7      | Found a shimmering altar of Xom.
  7381 | D:8      | Reached skill level 8 in Fighting
  7419 | D:8      | Bought a brightly glowing chain mail for 332 gold pieces
  7419 | D:8      | Identified the +1 chain mail "Sikuhas" {rC+ Int+2} (You
                  | bought it in a shop on level 8 of the Dungeon)
  7434 | D:8      | Found a shimmering blue altar of Sif Muna.
  8116 | D:8      | Reached XP level 10. HP: 71/82 MP: 10/10
  8483 | D:8      | Bought a glowing scarf for 280 gold pieces
  8548 | D:9      | Found Fameromn's Weapon Boutique.
  8587 | D:9      | Found a staircase to the Orcish Mines.
  8800 | D:9      | Reached skill level 9 in Fighting
  8879 | D:9      | Found a blossoming altar of Fedhas.
  9082 | D:9      | Found a shadowy altar of Dithmenos.
  9427 | D:9      | Found a bloodstained altar of Trog.
  9555 | D:9      | Found a radiant altar of Vehumet.
  9727 | D:10     | Entered Level 10 of the Dungeon
 10165 | D:10     | Found a flagged portal.
 10202 | D:10     | Noticed a two-headed ogre
 10220 | D:10     | Killed a two-headed ogre
 10221 | D:10     | Reached skill level 10 in Fighting
 10248 | Bailey   | Entered a bailey
 10336 | Bailey   | Reached XP level 11. HP: 88/90 MP: 11/11
 10400 | Bailey   | Noticed Prince Ribbit
 10401 | Bailey   | Noticed a vault guard
 10431 | Bailey   | Killed a vault guard
 10445 | Bailey   | Killed Prince Ribbit
 10496 | Bailey   | Noticed a vault guard
 10543 | Bailey   | Killed a vault guard
 10771 | D:10     | Noticed a two-headed ogre
 10775 | D:10     | Noticed an ogre mage
 11044 | D:11     | Noticed a red ugly thing
 11052 | D:11     | Mangled by a red ugly thing

Illustrated notes

Levels and vault maps discovered:
D:1:      minmay_arrival_four_circles, layout_basic,
          shapermc_ecumenical_altar_starsandcircs, st_stairs_8
D:2:      layout_rooms, serial_shops, shop, st_stairs_14
D:3:      layout_rooms, uniq_terence, uniq_crazy_yiuf_cottage
D:4:      minmay_evil_eye, layout_cave_pods,
          mainiacjoe_overflow_concentric_impassable,
          mainiacjoe_overflow_brackets, minmay_temple_entry_purple_smoke,
          kennysheep_small_square, uniq_pikel
D:5:      layout_basic, mainiacjoe_overflow_paths,
          grunt_temple_overflow_cloverleaf, serial_shops,
          nicolae_shop_just_a_little_nook
D:6:      layout_loops_ring, minmay_holes, hangedman_abyss_or_decor_slice,
          minmay_shop_damaged
D:7:      layout_basic, xom_teletrap_fun, biasface_ghost_orc_armoury
D:8:      layout_basic, elyvilon_altar_4, old_standard_altar
D:9:      layout_basic, grunt_dithmenos_smoke, fedhas_altar_fruit_tree,
          trog_butcher_becter, mainiacjoe_overflow_six_doors_small, orc_david_3
D:10:     layout_loops_ring, enter_bailey_3, onia_ninara_dug_in_and_dangerous
D:11:     layout_roguey, erik_lair_orcish_takeover, kennysheep_generic_room_13
Temple:   nicolae_temple_bog_church

Skill      XL: |  1  2  3  4  5  6  7  8  9 10 11 |
---------------+----------------------------------+-----
Armour         | 1 2 3 4 5 6 8 |  8.7
Fighting       | 3 4 5 7 8 10 | 10.6
Maces & Flails | 3 4 5 6 7 8 9 |  9.1
Throwing       | |  1.5
Dodging        | |  2.4

Action                     |  1- 3 |  4- 6 |  7- 9 | 10-12 || total
---------------------------+-------+-------+-------+-------++-------
  Melee: Flail             |   123 |   121 |    85 |       ||   329
         Punch             |       |     1 |     7 |     9 ||    17
         Whip              |       |       |   510 |   424 ||   934
  Throw: Throwing net      |       |     3 |     1 |       ||     4
         Javelin           |       |       |     2 |       ||     2
 Invoke: Call Merchant     |       |       |     1 |       ||     1
         Potion Petition   |       |       |       |     2 ||     2
  Evoke: Wand              |     8 |    14 |    16 |    17 ||    55
    Use: Scroll            |     3 |     3 |     8 |     8 ||    22
   Stab: Held in net/web   |       |     5 |       |       ||     5
         Distracted        |       |       |     1 |     2 ||     3
 Armour: Leather armour    |    38 |       |       |       ||    38
         Ring mail         |     2 |    36 |   262 |    43 ||   343
         Chain mail        |       |       |       |   187 ||   187
  Dodge: Dodged            |    92 |    78 |   295 |   196 ||   661
